 Dungeon Crawl Stone Soup version 0.28.0-1-gb440e238dd (webtiles) character file.

Game seed: 13395484411929003206

116 Ablot the Grasshopper (level 5, -4/43 HPs)
             Began as a Gnoll Warper on Feb 22, 2022.
             Killed from afar by an orc wizard (6 damage)
             ... with a magic dart
             ... on level 3 of the Dungeon.
             The game lasted 00:03:09 (3313 turns).

Ablot the Grasshopper (Gnoll Warper)                Turns: 3313, Time: 00:03:09

Health: -4/43      AC:  3    Str: 12    XL:     5   Next: 0%
Magic:  19/21      EV: 12    Int: 13    God:
Gold:   54         SH:  0    Dex: 11    Spells: 12/14 levels left

rFire   . . .      SeeInvis +   a - +0 spear
rCold   . . .      Faith    .   (no shield)
rNeg    . . .      Spirit   .   b - +0 leather armour
rPois   .          Reflect  .   (no helmet)
rElec   .          Harm     .   (no cloak)
rCorr   .          Rampage  .   (no gloves)
Will    .....                   (no boots)
Stlth   +.........              (no amulet)
HPRegen 0.14/turn               g - ring of see invisible
MPRegen 0.17/turn               o - ring of magical power

@: on blink cooldown
A: fangs 1, strong nose, distributed training
a: no special abilities


You were on level 3 of the Dungeon.
You visited 1 branch of the dungeon, and saw 3 of its levels.

You collected 54 gold pieces.

Inventory:

Hand Weapons
 a - a +0 spear (weapon)
Missiles
 d - 5 boomerangs of dispersal (quivered)
 f - 36 arrows
 l - 17 sling bullets
 p - 6 stones
Armour
 b - a +0 leather armour (worn)
Jewellery
 e - an amulet of faith
 g - a ring of see invisible (left hand)
 o - a ring of magical power (right hand)
Scrolls
 c - a scroll of blinking
 h - a scroll of fog {unknown}
 k - a scroll of summoning {unknown}
 n - a scroll of vulnerability {unknown}
 r - a scroll of immolation {unknown}
Potions
 i - a potion of lignification {unknown}
 j - a potion of ambrosia {unknown}
 m - a potion of brilliance {unknown}
 q - a potion of invisibility {unknown}
 s - a potion of degeneration {unknown}


   Skills:
 + Level 4.7 Fighting
 + Level 1.3 Short Blades
 + Level 1.3 Long Blades
 + Level 1.3 Axes
 + Level 1.3 Maces & Flails
 + Level 4.7 Polearms
 + Level 1.3 Staves
 + Level 1.3 Slings
 + Level 1.3 Bows
 + Level 1.3 Crossbows
 + Level 2.8 Throwing
 + Level 2.8 Armour
 + Level 4.7 Dodging
 + Level 1.3 Stealth
 + Level 1.3 Shields
 + Level 1.3 Unarmed Combat
 + Level 5.1 Spellcasting
 + Level 1.0 Conjurations
 + Level 1.0 Hexes
 + Level 1.0 Summonings
 + Level 1.0 Necromancy
 + Level 5.5 Translocations
 + Level 1.0 Transmutations
 + Level 1.0 Fire Magic
 + Level 1.0 Ice Magic
 + Level 1.0 Air Magic
 + Level 1.0 Earth Magic
 + Level 1.0 Poison Magic
 + Level 1.4 Invocations
 + Level 1.3 Evocations


You had 12 spell levels left.
You knew the following spells:

 Your Spells              Type           Power      Damage    Failure   Level
a - Blink                 Tloc           34%        N/A       3%          2

Your spell library contained the following spells:

 Spells                   Type           Power      Damage    Failure   Level
 Gell's Gravitas          Tloc           17%        N/A       8%          3
 Lesser Beckoning         Tloc           17%        N/A       8%          3
 Teleport Other           Tloc           17%        N/A       8%          3
 Manifold Assault         Tloc           17%        N/A       56%         5


Dungeon Overview and Level Annotations

Branches:
Dungeon (3/15)

Altars:

Annotations:
D:3 1 exclusion, Grinder


Innate Abilities, Weirdness & Mutations

You have very sharp teeth.
Your uncanny sense of smell can sniff out nearby items.
Your experience applies equally to all skills.


Message History

The orc hits you with a +3 dagger.
The orc wizard mumbles some strange words.
The orc wizard flickers and vanishes for a moment.
You hit the orc wizard but do no damage.
The orc wizard is lightly wounded.
The orc closely misses you.
The orc wizard points at you and mumbles some strange words.
You are confused.
You're too confused to move!
The orc completely misses you.
The orc wizard hits you with a +0 dagger.
You miss the orc wizard.
The orc wizard is lightly wounded.
The orc barely misses you.
You hit the orc. Your bite misses the orc.
The orc is moderately wounded.
The orc wizard hits you but does no damage.
The orc misses you.
You bump into the rock wall.
The orc wizard hits you with a +0 dagger.
The orc hits you with a +3 dagger.
* * * LOW HITPOINT WARNING * * *
You bump into the rock wall.
The orc wizard barely misses you. The orc barely misses you.
You're too confused to move!
You feel less confused.
The orc wizard hits you with a +0 dagger.
* * * LOW HITPOINT WARNING * * *
The orc hits you with a +3 dagger.
* * * LOW HITPOINT WARNING * * *
You hit the orc wizard but do no damage.
The orc wizard is lightly wounded.
The orc wizard closely misses you. The orc hits you with a +3 dagger.
* * * LOW HITPOINT WARNING * * *
Unknown command.
Casting: Blink (safe; 3% risk of failure)
Confirm with . or Enter, or press ? or * to list all spells.
You blink.
The orc wizard gestures at you while chanting.
The magic dart hits you.
You die...

#P#.#b# ##...
#.#.#######....
#P#.#P##...>.#.
###.#b##.###...
#P#.#P#### ##..
#.#.### #...
#######.#.#
####.##
#....####.#
##....# #...@#
#.# #..####
#######....####.#
####
#.oooo§.........#
#.#####o........#
#######...# #...#
#########.###
#P.P...P#.##
#.#######..#


You could see 2 orc wizards and 2 orcs.

Vanquished Creatures
  4 gnolls (D:2)
  An adder (D:2)
  A worm (D:2)
  3 dart slugs
  An orc (D:3)
  6 bats
  7 endoplasms
  2 giant cockroaches
  4 goblins
  4 hobgoblins
  4 jackals (D:2)
  4 kobolds
  2 quokkas
  2 ball pythons
  3 frilled lizards
  9 rats
57 creatures vanquished.

Notes
Turn   | Place    | Note
-------+----------+-------------------------------------------
     0 | D:1      | Ablot the Gnoll Warper began the quest for the Orb.
     0 | D:1      | Reached XP level 1. HP: 20/20 MP: 6/6
    86 | D:1      | Reached XP level 2. HP: 24/26 MP: 7/7
    89 | D:1      | Learned a level 2 spell: Blink
   545 | D:1      | Reached XP level 3. HP: 29/31 MP: 9/9
   574 | D:1      | Reached skill level 5 in Spellcasting
  1105 | D:2      | Reached skill level 1 in Invocations
  1495 | D:2      | Reached skill level 1 in Short Blades
  1495 | D:2      | Reached skill level 1 in Long Blades
  1495 | D:2      | Reached skill level 1 in Axes
  1495 | D:2      | Reached skill level 1 in Maces & Flails
  1495 | D:2      | Reached skill level 1 in Staves
  1495 | D:2      | Reached skill level 1 in Slings
  1495 | D:2      | Reached skill level 1 in Bows
  1495 | D:2      | Reached skill level 1 in Crossbows
  1495 | D:2      | Reached skill level 1 in Stealth
  1495 | D:2      | Reached skill level 1 in Shields
  1495 | D:2      | Reached skill level 1 in Unarmed Combat
  1495 | D:2      | Reached skill level 1 in Evocations
  1761 | D:2      | Reached XP level 4. HP: 34/38 MP: 11/11
  2281 | D:3      | Noticed Grinder
  2622 | D:2      | Reached skill level 1 in Conjurations
  2622 | D:2      | Reached skill level 1 in Hexes
  2622 | D:2      | Reached skill level 1 in Summonings
  2622 | D:2      | Reached skill level 1 in Necromancy
  2622 | D:2      | Reached skill level 1 in Transmutations
  2622 | D:2      | Reached skill level 1 in Fire Magic
  2622 | D:2      | Reached skill level 1 in Ice Magic
  2622 | D:2      | Reached skill level 1 in Air Magic
  2622 | D:2      | Reached skill level 1 in Earth Magic
  2622 | D:2      | Reached skill level 1 in Poison Magic
  3120 | D:3      | Reached XP level 5. HP: 43/43 MP: 12/12
  3312 | D:3      | HP: 2/43 [orc (3)]
  3313 | D:3      | Killed from afar by an orc wizard

Illustrated notes

Levels and vault maps discovered:
D:1:      lemuel_arrival_funnel, layout_loops_ring
D:2:      layout_basic
D:3:      layout_rooms, shapermc_ecumenical_altar_pompeii, serial_aquarium,
          aquarium_bridge_square [aquarium_subvault_bridge,
          aquarium_subvault_wall, aquarium_subvault_window,
          aquarium_subvault_bridge], aquarium_window_corridor_1,
          aquarium_window_corner, aquarium_window_2, aquarium_window_corner,
          aquarium_view_2d, aquarium_pool_S, uniq_grinder

Skill      XL: |  1  2  3  4 |
---------------+-------------+-----
Spellcasting   | 5 |  5.1
Invocations    | 1 |  1.4
Short Blades   | 1 |  1.3
Long Blades    | 1 |  1.3
Axes           | 1 |  1.3
Maces & Flails | 1 |  1.3
Staves         | 1 |  1.3
Slings         | 1 |  1.3
Bows           | 1 |  1.3
Crossbows      | 1 |  1.3
Stealth        | 1 |  1.3
Shields        | 1 |  1.3
Unarmed Combat | 1 |  1.3
Evocations     | 1 |  1.3
Conjurations   | 1 |  1.0
Hexes          | 1 |  1.0
Summonings     | 1 |  1.0
Necromancy     | 1 |  1.0
Transmutations | 1 |  1.0
Fire Magic     | 1 |  1.0
Ice Magic      | 1 |  1.0
Air Magic      | 1 |  1.0
Earth Magic    | 1 |  1.0
Poison Magic   | 1 |  1.0
Fighting       | |  4.7
Polearms       | |  4.7
Throwing       | |  2.8
Armour         | |  2.8
Dodging        | |  4.7
Translocations | |  5.5

Action                   |  1- 3 |  4- 6 || total
-------------------------+-------+-------++-------
Melee: Spear             |   166 |    88 ||   254
       Bite              |    12 |     7 ||    19
       Punch             |     3 |     2 ||     5
 Cast: Blink             |       |     2 ||     2
  Use: Potion            |       |     1 ||     1
 Stab: Sleeping          |     3 |       ||     3
Armor: Leather armour    |    29 |     8 ||    37
Dodge: Dodged            |    56 |    44 ||   100
